| TOP OF THE 1ST |
|
Colorado Rockies batting - Pitching for Los Angeles Dodgers : LHP Alastair Tippett
|
|
Pitching: LHP Alastair Tippett
|
|
|
Batting: RHB Roberto Rodriguez
|
0-0: Ball 1-0: Ball 2-0: Called Strike 2-1: Ground out 6-3 (Groundball, 6, EV 85.6 MPH)
|
|
Batting: RHB Stephen Charbonneau
|
0-0: Ball 1-0: Ball 2-0: Called Strike 2-1: Ball 3-1: Base on Balls
|
|
Batting: SHB Chris Blue
|
0-0: Ball 1-0: Fielders Choice at 2nd, 5-4 (Groundball, 56, EV 98.1 MPH)
|
|
Batting: RHB Jason Andrews
|
0-0: Ball 1-0: Ball 2-0: Foul Ball, location: 2F 2-1: Fly out, F7 (Flyball, 78S, EV 83.8 MPH)
|
| Top of the 1st over - 0 runs, 0 hits, 0 errors, 1 left on base; Colorado 0 - Los Angeles 0 |
| BOTTOM OF THE 1ST |
|
Los Angeles Dodgers batting - Pitching for Colorado Rockies : RHP Link Zeller
|
|
Pitching: RHP Link Zeller
|
|
|
Batting: SHB Joel Baker
|
0-0: Ball 1-0: DOUBLE (Line Drive, 7LS, EV 99.4 MPH)
|
|
Batting: LHB Chris Ringwood
|
0-0: Called Strike Joel Baker steals 3rd base 0-1: SINGLE (Flyball, 7LS, EV 98.1 MPH) Joel Baker scores
|
|
Batting: LHB Bob Branham
|
0-0: Called Strike 0-1: Ball 1-1: Ball 2-1: Grounds into double play, 4-6-3 (Groundball, 34, EV 105.0 MPH)
|
|
Batting: LHB Lirak Bazhunaishvili
|
0-0: Called Strike 0-1: Ball 1-1: Ball 2-1: Ball 3-1: Foul Ball, location: 2F 3-2: Foul Ball, location: 2F 3-2: Strikes out swinging
|
| Bottom of the 1st over - 1 run, 2 hits, 0 errors, 0 left on base; Colorado 0 - Los Angeles 1 |
| TOP OF THE 2ND |
|
Colorado Rockies batting - Pitching for Los Angeles Dodgers : LHP Alastair Tippett
|
|
Batting: RHB Chad Thompson
|
0-0: Called Strike 0-1: Ground out U3 (Groundball, 34, EV 102.5 MPH)
|
|
Batting: LHB Jose Robles
|
0-0: Ground out U3 (Groundball, 34S, EV 67.5 MPH)
|
|
Batting: LHB Chris Locklear
|
0-0: Foul Ball, location: 2F 0-1: Swinging Strike 0-2: Ball 1-2: Strikes out swinging
|
| Top of the 2nd over - 0 runs, 0 hits, 0 errors, 0 left on base; Colorado 0 - Los Angeles 1 |
| BOTTOM OF THE 2ND |
|
Los Angeles Dodgers batting - Pitching for Colorado Rockies : RHP Link Zeller
|
|
Batting: RHB Clay Buchanan
|
0-0: Ball 1-0: Ground out 6-3 (Groundball, 6, EV 81.2 MPH)
|
|
Batting: LHB Ryan Taylor
|
0-0: Foul Ball, location: 2F 0-1: Ball 1-1: Called Strike 1-2: SINGLE (Flyball, 3D, EV 90.0 MPH)
|
|
Batting: RHB Tsutomu Irie
|
0-0: Ball Ryan Taylor is caught stealing 2nd base 2-4 1-0: Swinging Strike 1-1: Swinging Strike 1-2: Foul Ball, location: 2F 1-2: Strikes out looking
|
| Bottom of the 2nd over - 0 runs, 1 hit, 0 errors, 0 left on base; Colorado 0 - Los Angeles 1 |
| TOP OF THE 3RD |
|
Colorado Rockies batting - Pitching for Los Angeles Dodgers : LHP Alastair Tippett
|
|
Batting: RHB Rico Coss
|
0-0: Called Strike 0-1: DOUBLE (Flyball, 8RXD, EV 107.5 MPH)
|
|
Batting: LHB Robert Watson
|
0-0: Called Strike 0-1: Swinging Strike 0-2: Ball 1-2: Foul Ball, location: 2F 1-2: Foul Ball, location: 2F 1-2: Foul Ball, location: 2F 1-2: Strikes out swinging
|
|
Batting: RHB Roberto Rodriguez
|
0-0: Ball 1-0: Ball 2-0: SINGLE (Groundball, 4MS, EV 67.5 MPH) (infield hit) Rico Coss to third
|
|
Batting: RHB Stephen Charbonneau
|
0-0: Ball 1-0: Foul Ball, location: 2F 1-1: Called Strike 1-2: Ball 2-2: Foul Ball, location: 2F 2-2: Strikes out swinging
|
|
Batting: SHB Chris Blue
|
0-0: Ball 1-0: SINGLE (Groundball, 4MD, EV 98.8 MPH) Rico Coss scores Roberto Rodriguez to second
|
|
Batting: RHB Jason Andrews
|
0-0: Fly out, F8 (Flyball, 8LM, EV 80.0 MPH)
|
| Top of the 3rd over - 1 run, 3 hits, 0 errors, 2 left on base; Colorado 1 - Los Angeles 1 |
| BOTTOM OF THE 3RD |
|
Los Angeles Dodgers batting - Pitching for Colorado Rockies : RHP Link Zeller
|
|
Batting: RHB Ben Mischnick
|
0-0: Ball 1-0: Foul Ball, location: 2F 1-1: Ground out 5-3 (Groundball, 56, EV 108.8 MPH)
|
|
Batting: LHB Dalton Silveira
|
0-0: Ball 1-0: Called Strike 1-1: Foul Ball, location: 2F 1-2: Foul Ball, location: 2F 1-2: Ball 2-2: SINGLE (Groundball, 34S, EV 70.6 MPH) (infield hit)
|
|
Batting: SHB Joel Baker
|
0-0: Called Strike 0-1: Ball 1-1: Ball 2-1: Ball 3-1: Base on Balls Dalton Silveira to second
|
|
Batting: LHB Chris Ringwood
|
0-0: Ball Dalton Silveira steals 3rd base (no throw) Joel Baker to second 1-0: Ball 2-0: Swinging Strike 2-1: Called Strike 2-2: Strikes out looking
|
|
Batting: LHB Bob Branham
|
0-0: Ball 1-0: Foul Ball, location: 2F 1-1: Ball 2-1: Foul Ball, location: 2F 2-2: 3-RUN HOME RUN (Flyball, 9LD, EV 90.6 MPH), Distance : 333 ft
|
|
Batting: LHB Lirak Bazhunaishvili
|
0-0: Ball 1-0: Fly out, F7 (Line Drive, 7, EV 91.2 MPH)
|
| Bottom of the 3rd over - 3 runs, 2 hits, 0 errors, 0 left on base; Colorado 1 - Los Angeles 4 |
| TOP OF THE 4TH |
|
Colorado Rockies batting - Pitching for Los Angeles Dodgers : LHP Alastair Tippett
|
|
Batting: RHB Chad Thompson
|
0-0: Ball 1-0: Foul Ball, location: 2F 1-1: Reached on error, E4 (Groundball, 34, EV 84.4 MPH)
|
|
Batting: LHB Jose Robles
|
0-0: Ball 1-0: Foul Ball, location: 2F 1-1: Ball 2-1: Ball 3-1: Fly out, F7 (Flyball, 7LM, EV 87.5 MPH)
|
|
Batting: LHB Chris Locklear
|
0-0: Foul Ball, location: 2F 0-1: Foul Ball, location: 2F 0-2: Strikes out swinging
|
|
Batting: RHB Rico Coss
|
0-0: Ball 1-0: Called Strike Chad Thompson steals 2nd base (no throw) 1-1: Ground out U3 (Groundball, 34, EV 83.8 MPH)
|
| Top of the 4th over - 0 runs, 0 hits, 1 error, 1 left on base; Colorado 1 - Los Angeles 4 |
| BOTTOM OF THE 4TH |
|
Los Angeles Dodgers batting - Pitching for Colorado Rockies : RHP Link Zeller
|
|
Batting: RHB Clay Buchanan
|
0-0: Called Strike 0-1: Foul Ball, location: 2F 0-2: Ground out U3 (Groundball, 34S, EV 88.1 MPH)
|
|
Batting: LHB Ryan Taylor
|
0-0: Ball 1-0: Ball 2-0: Called Strike 2-1: Called Strike 2-2: Strikes out looking
|
|
Batting: RHB Tsutomu Irie
|
0-0: Ball 1-0: Foul Ball, location: 2F 1-1: Ball 2-1: Swinging Strike 2-2: Strikes out looking
|
| Bottom of the 4th over - 0 runs, 0 hits, 0 errors, 0 left on base; Colorado 1 - Los Angeles 4 |
| TOP OF THE 5TH |
|
Colorado Rockies batting - Pitching for Los Angeles Dodgers : LHP Alastair Tippett
|
|
Batting: LHB Robert Watson
|
0-0: Fly out, F8 (Flyball, 8LD, EV 95.6 MPH)
|
|
Batting: RHB Roberto Rodriguez
|
0-0: Ball 1-0: Ball 2-0: Ball 3-0: Base on Balls
|
|
Batting: RHB Stephen Charbonneau
|
0-0: Called Strike 0-1: Ball 1-1: Ball 2-1: Called Strike 2-2: Ground out 3-1 (Groundball, 13, EV 88.8 MPH) Roberto Rodriguez to second
|
|
Batting: SHB Chris Blue
|
0-0: Called Strike 0-1: Hit by Pitch
|
|
Batting: RHB Jason Andrews
|
0-0: Foul Ball, location: 2F 0-1: Swinging Strike 0-2: Fielders Choice at 2nd, 6-4 (Groundball, 56, EV 103.1 MPH)
|
| Top of the 5th over - 0 runs, 0 hits, 0 errors, 2 left on base; Colorado 1 - Los Angeles 4 |
| BOTTOM OF THE 5TH |
|
Los Angeles Dodgers batting - Pitching for Colorado Rockies : RHP Link Zeller
|
|
Batting: RHB Ben Mischnick
|
0-0: Called Strike 0-1: Called Strike 0-2: Ball 1-2: Foul Ball, location: 2F 1-2: Strikes out swinging
|
|
Batting: LHB Dalton Silveira
|
0-0: Ball 1-0: Ground out 6-3 (Groundball, 4MD, EV 85.0 MPH)
|
|
Batting: SHB Joel Baker
|
0-0: Ball 1-0: Ball 2-0: Called Strike 2-1: SINGLE (Line Drive, 8LS, EV 100.0 MPH)
|
|
Batting: LHB Chris Ringwood
|
0-0: Ball 1-0: Ball 2-0: Ball 3-0: Base on Balls Joel Baker to second
|
|
Batting: LHB Bob Branham
|
0-0: Foul Ball, location: 2F 0-1: Swinging Strike 0-2: Ball 1-2: Strikes out looking
|
| Bottom of the 5th over - 0 runs, 1 hit, 0 errors, 2 left on base; Colorado 1 - Los Angeles 4 |
| TOP OF THE 6TH |
|
Colorado Rockies batting - Pitching for Los Angeles Dodgers : LHP Alastair Tippett
|
|
Batting: RHB Chad Thompson
|
0-0: Ball 1-0: Fly out, F8 (Flyball, 8RS, EV 92.5 MPH)
|
|
Batting: LHB Jose Robles
|
0-0: SINGLE (Groundball, 6MD, EV 98.1 MPH)
|
|
Batting: LHB Chris Locklear
|
0-0: Ball 1-0: Foul Ball, location: 2F 1-1: Fielders Choice at 2nd, 4-6 (Groundball, 34, EV 106.9 MPH)
|
|
Batting: RHB Rico Coss
|
0-0: Ball 1-0: Called Strike 1-1: Ball 2-1: Ball 3-1: Swinging Strike 3-2: Ground out 4-3 (Groundball, 4, EV 87.5 MPH)
|
| Top of the 6th over - 0 runs, 1 hit, 0 errors, 1 left on base; Colorado 1 - Los Angeles 4 |
| BOTTOM OF THE 6TH |
|
Los Angeles Dodgers batting - Pitching for Colorado Rockies : RHP Link Zeller
|
|
Batting: LHB Lirak Bazhunaishvili
|
0-0: Ball 1-0: Ball 2-0: DOUBLE (Flyball, 89XD, EV 112.5 MPH)
|
|
Batting: RHB Clay Buchanan
|
0-0: Called Strike 0-1: Called Strike 0-2: Ball 1-2: Ball 2-2: Ground out 5-3 (Groundball, 56, EV 96.9 MPH)
|
|
Batting: LHB Ryan Taylor
|
0-0: Foul Ball, location: 2F 0-1: Ball 1-1: Ball 2-1: Called Strike 2-2: Ball 3-2: Foul Ball, location: 2F 3-2: Foul Ball, location: 2F 3-2: Ground out 4-3 (Groundball, 4, EV 102.5 MPH) Lirak Bazhunaishvili to third
|
|
Batting: RHB Tsutomu Irie
|
0-0: Swinging Strike 0-1: Called Strike 0-2: Strikes out swinging
|
| Bottom of the 6th over - 0 runs, 1 hit, 0 errors, 1 left on base; Colorado 1 - Los Angeles 4 |
| TOP OF THE 7TH |
|
Colorado Rockies batting - Pitching for Los Angeles Dodgers : LHP Alastair Tippett
|
|
Batting: LHB Robert Watson
|
0-0: Ball 1-0: Called Strike 1-1: Swinging Strike 1-2: Foul Ball, location: 2F 1-2: Strikes out swinging
|
|
Batting: RHB Roberto Rodriguez
|
0-0: Called Strike 0-1: Ball 1-1: Ball 2-1: DOUBLE (Flyball, 78D, EV 82.5 MPH)
|
|
Batting: RHB Stephen Charbonneau
|
0-0: Ball 1-0: Fly out, F9 (Flyball, 9LM, EV 93.1 MPH) Runner from 2nd tags up, SAFE at 3rd, no throw by RF
|
|
Batting: SHB Chris Blue
|
0-0: Fly out, F8 (Flyball, 78M, EV 68.8 MPH)
|
| Top of the 7th over - 0 runs, 1 hit, 0 errors, 1 left on base; Colorado 1 - Los Angeles 4 |
| BOTTOM OF THE 7TH |
|
Los Angeles Dodgers batting - Pitching for Colorado Rockies : RHP Link Zeller
|
|
Pitching: RHP Mike Mik
|
|
|
Batting: RHB Ben Mischnick
|
0-0: Ball 1-0: TRIPLE (Line Drive, 8LXD, EV 112.5 MPH)
|
|
Batting: LHB Dalton Silveira
|
0-0: Ball 1-0: Called Strike 1-1: Foul Ball, location: 2F 1-2: Ground out 6-3 (Groundball, 6, EV 87.5 MPH) Ben Mischnick scores
|
|
Batting: SHB Joel Baker
|
0-0: Ball 1-0: Called Strike 1-1: Ball 2-1: Foul Ball, location: 2F 2-2: Fly out, F6 (Popup, 56, EV 55.0 MPH)
|
|
Batting: LHB Chris Ringwood
|
0-0: Swinging Strike 0-1: Ball 1-1: Ground out 6-3 (Groundball, 4MD, EV 108.1 MPH)
|
| Bottom of the 7th over - 1 run, 1 hit, 0 errors, 0 left on base; Colorado 1 - Los Angeles 5 |
| TOP OF THE 8TH |
|
Colorado Rockies batting - Pitching for Los Angeles Dodgers : LHP Alastair Tippett
|
|
Pitching: LHP Josh Ramirez
|
|
|
Batting: RHB Jason Andrews
|
0-0: Called Strike 0-1: Ground out 5-3 (Groundball, 56, EV 106.2 MPH)
|
|
Batting: RHB Chad Thompson
|
0-0: Ground out 6-3 (Groundball, 6, EV 108.8 MPH)
|
|
Batting: LHB Jose Robles
|
0-0: Called Strike 0-1: Swinging Strike 0-2: Strikes out swinging
|
| Top of the 8th over - 0 runs, 0 hits, 0 errors, 0 left on base; Colorado 1 - Los Angeles 5 |
| BOTTOM OF THE 8TH |
|
Los Angeles Dodgers batting - Pitching for Colorado Rockies : RHP Mike Mik
|
|
Pitching: RHP Oscar Munoz
|
|
|
Batting: LHB Bob Branham
|
0-0: Foul Ball, location: 2F 0-1: Fly out, F9 (Flyball, 9S, EV 86.2 MPH)
|
|
Batting: LHB Lirak Bazhunaishvili
|
0-0: Called Strike 0-1: Foul Ball, location: 2F 0-2: Ground out 3-1 (Groundball, 34, EV 81.9 MPH)
|
|
Batting: RHB Clay Buchanan
|
0-0: Called Strike 0-1: Ball 1-1: Ground out 5-3 (Groundball, 56, EV 90.0 MPH)
|
| Bottom of the 8th over - 0 runs, 0 hits, 0 errors, 0 left on base; Colorado 1 - Los Angeles 5 |
| TOP OF THE 9TH |
|
Colorado Rockies batting - Pitching for Los Angeles Dodgers : LHP Josh Ramirez
|
|
Batting: LHB Chris Locklear
|
0-0: Swinging Strike 0-1: Ball 1-1: Foul Ball, location: 2F 1-2: Strikes out looking
|
|
Batting: RHB Rico Coss
|
0-0: Ball 1-0: Ground out 1-3 (Groundball, 13S, EV 71.2 MPH)
|
|
Batting: LHB Robert Watson
|
0-0: Called Strike 0-1: Ball 1-1: Ground out 4-3 (Groundball, 4, EV 84.4 MPH)
|
| Top of the 9th over - 0 runs, 0 hits, 0 errors, 0 left on base; Colorado 1 - Los Angeles 5 |
|